 Dungeon Crawl Stone Soup version 0.30-a0-377-g5cb311bc9f (webtiles) character file.

Game seed: 16506157262978526953

5124 sanka the Fighter (level 10, 0/66 HPs)
             Began as a Gargoyle Earth Elementalist on Nov 28, 2022.
             Was a Believer of Vehumet.
             Slain by a death yak (20 damage)
             ... on level 8 of the Dungeon.
             The game lasted 00:11:42 (9937 turns).

sanka the Fighter (Gargoyle Earth Elementalist)     Turns: 9937, Time: 00:11:43

Health: 0/66       AC: 11    Str: 18    XL:     10   Next: 58%
Magic:  0/13       EV: 18    Int: 20    God:    Vehumet [**....]
Gold:   537        SH:  0    Dex: 10    Spells: 7/13 levels left

rFire   . . .      SeeInvis .    a - +5 morningstar (freeze)
rCold   . . .      Faith    .    (no shield)
rNeg    + . .      Spirit   .    O - +0 robe
rPois   ∞          Reflect  .    y - +0 helmet
rElec   +          Harm     .    (no cloak)
rCorr   .          Rampage  .    (no gloves)
Will    .....                    x - +0 pair of boots
Stlth   ++........               (no amulet)
HPRegen 0.31/turn                K - +6 ring of strength
MPRegen 0.13/turn                C - +4 ring of evasion

@: no status effects
A: sickness immunity, AC +7, negative energy resistance 1, electricity
resistance, torment resistance 1, petrification resistance
a: Renounce Religion


You were on level 8 of the Dungeon.
You worshipped Vehumet.
Vehumet was pleased with you.
You visited 1 branch of the dungeon, and saw 9 of its levels.

You collected 537 gold pieces.


Innate Abilities, Weirdness & Mutations

You are immune to sickness and miasma.
Your stone body is resilient. (AC +7)
You are immune to poison.
You resist negative energy. (rN+)
You are resistant to electric shocks. (rElec)
You are resistant to unholy torment.
You are immune to petrification.


   Skills:
 + Level 9.5 Fighting
 + Level 7.5 Dodging
 - Level 2.1 Stealth
 - Level 2.0 Spellcasting
 - Level 7.0 Conjurations
 - Level 2.0 Transmutations
 - Level 8.0 Earth Magic


You had 7 spell levels left.
You knew the following spells:

 Your Spells              Type           Power      Damage    Failure   Level
x - Stone Arrow           Conj/Erth      64%        3d11      2%          3
z - Sandblast             Erth           68%        2d15      1%          1
N - Passwall              Tmut/Erth      18%        N/A       3%          2

Your spell library contained the following spells:

 Spells                   Type           Power      Damage    Failure   Level
 Dazzling Flash           Conj/Hex       32%        N/A       11%         3
 Petrify                  Tmut/Erth      22%        N/A       21%         4
 Ensorcelled Hibernation  Hex/Ice        4%         N/A       24%         2
 Spider Form              Tmut/Pois      6%         N/A       30%         3
 Swiftness                Air            2%         N/A       43%         3
 Anguish                  Hex/Necr       1%         N/A       83%         4
 Freezing Cloud           Conj/Ice/Air   5%         6-21      86%         5
 Simulacrum               Ice/Necr       1%         N/A       100%        6
 Polar Vortex             Ice            1%         N/A       100%        9

Inventory:

Hand Weapons
 a - a +5 morningstar of freezing (weapon)
 u - the +7 dagger of Vanity {antimagic, rF+ rC+ Int+5 Dex-3}

   It reduces the magical energy of the wielder, and disrupts the spells and
   magical abilities of those it strikes.
   Natural abilities and divine invocations are not affected.
   Int:       It affects your intelligence (+5).
   Dex:       It affects your dexterity (-3).
   rF:        It protects you from fire.
   rC:        It protects you from cold.
Missiles
 D - a throwing net {=f}
 L - 3 curare-tipped darts {=f}
Armour
 p - a +0 cloak
 r - the +0 cloak "Patros" {Harm Int+2 Dex+5}

   Int:       It affects your intelligence (+2).
   Dex:       It affects your dexterity (+5).
   Harm:      It increases damage dealt and taken.
 x - a +0 pair of boots (worn)
 y - a +0 helmet (worn)
 F - the +2 robe of Foolhardiness {rF+ rC- Stlth+} rF: It protects you from fire. rC: It makes you vulnerable to cold. Stlth: It makes you more stealthy.
 O - a +0 robe (worn)
Magical Staves
 I - a staff of air
Jewellery
 C - a +4 ring of evasion (right hand)
 K - a +6 ring of strength (left hand)
Wands
 i - a wand of iceblast (1)
 n - a wand of polymorph (15)
 s - a wand of flame (10)
 G - a wand of mindburst (7)
Scrolls
 c - 2 scrolls of magic mapping
 h - a scroll of vulnerability {!r}
 j - 5 scrolls of teleportation {@r4}
 m - 2 scrolls of immolation {!r}
 o - 2 scrolls of noise {!r}
 t - 2 scrolls of brand weapon
 A - 2 scrolls of enchant armour
 H - 4 scrolls of enchant weapon
 J - a scroll of butterflies
 M - a scroll of fear
Potions
 b - 2 potions of magic
 d - 4 potions of curing {unknown}
 e - 3 potions of degeneration {unknown}
 g - 3 potions of attraction {unknown}
 k - 2 potions of haste {@q3}
 l - 3 potions of mutation {unknown}
 q - 3 potions of flight {unknown}
 v - 2 potions of brilliance {unknown}
 w - a potion of invisibility {unknown}
 z - a potion of ambrosia {unknown}
 B - a potion of heal wounds {unknown}
 E - 2 potions of lignification {unknown}
 N - a potion of might {unknown}

Dungeon Overview and Level Annotations

Branches:
Dungeon (9/15)             Temple (0/1) D:4
   Lair: D:8-11         Orc: D:9-12

Altars:
Dithmenos
Hepliaklqana
Makhleb
Vehumet

Portals:
Abyss: D:3

Annotations:
D:3 2 transporters, ma3's ghost, amateur OpTm

▒...▒▒
▒.........▒
▒▒.▒▒.▒
▒▒.▒▒
▒.........▒
▒....▒ ...▒
▒..▒▒▒.▒..▒
▒▒▒▒.▒ ▒▒▒▒
▒..▒▒▒.▒..▒
▒.▒ ▒
▒..▒<.....▒
▒.▒ ▒
▒..▒.▒▒▒..▒
▒.▒ ▒
▒..▒.▒ ▒..▒
▒.▒
▒..▒.▒▒▒..▒
▒.▒
▒..Y8.▒▒..▒
▒.▒ ▒▒▒
▒.........▒
▒.▒ ..▒
▒▒.....▒.▒▒
▒.▒ ▒.▒
▒.......▒
▒▒▒.▒ ▒.▒
▒.....▒▒▒
▒...▒ ▒.▒
▒....▒▒
▒...▒ ▒.▒
▒.▒.▒▒
▒...▒ ▒.▒▒
▒.▒.▒ ▒▒.▒▒
▒..▒▒ ▒.▒<▒
▒.▒


You could see a death yak.


Message History

Aiming: Stone Arrow (dangerous; 2% risk of failure)
Aim: a death yak (moderately wounded, 91% to hit)
The stone arrow hits the death yak!
The death yak is heavily wounded.
The death yak gores you!
The blast of sand hits the death yak!
The death yak is almost dead.
The death yak closely misses you. The death yak gores you!
* * * LOW HITPOINT WARNING * * *
The blast of sand hits the death yak but does no damage.
The death yak is almost dead.
The death yak misses you.
Aiming: Mindburst
Aim: a death yak (almost dead, chance to affect: 6%)
Okay, then.
That's the wrong kind of item! (Use * to select it.) Evoke which item? (* to show all) (? for menu, Esc to quit)
Okay, then.
Aiming: Throw Flame
Aim: a death yak (almost dead, 89% to hit)
The puff of flame hits the death yak but does no damage.
The death yak is almost dead.
The death yak misses you.
Aiming: Throw Flame
Aim: a death yak (severely wounded, 89% to hit)
The puff of flame hits the death yak but does no damage.
The death yak is severely wounded.
The death yak gores you!!
You die...

Action                   |  1- 3 |  4- 6 |  7- 9 | 10-12 || total
-------------------------+-------+-------+-------+-------++-------
Melee: Unarmed           |    17 |       |       |       ||    17
       Mace              |     4 |       |       |       ||     4
       Quarterstaff      |       |       |     5 |    15 ||    20
 Cast: Sandblast         |    37 |    41 |   173 |    86 ||   337
       Stone Arrow       |       |       |    10 |    14 ||    24
Evoke: Wand              |       |       |     1 |     2 ||     3
  Use: Scroll            |       |       |     8 |     2 ||    10
Armor: Robe              |    12 |     7 |    37 |    29 ||    85
Dodge: Dodged            |    16 |     6 |    99 |    83 ||   204

Levels and vault maps discovered:
D:1:      ncdulo_wetmaze, layout_loops_ring, chequers_serial_rivers_micro_d,
          chequers_hall_statues_corner_a
D:2:      layout_loops_ring
D:3:      layout_loops_corners, mainiacjoe_overflow_paths,
          mainiacjoe_overflow_cross_hatched, gammafunk_ghost_abyssal_escape,
          shapermc_ecumenical_altar_mp_highgroup, uniq_sigmund, uniq_natasha,
          uniq_grinder
D:4:      kennysheep_big_flooded_room, layout_basic, minmay_temple_entry_wispy
D:5:      layout_gridville, lemuel_doored_altar
D:6:      layout_loops_ring
D:7:      layout_basic, nicolae_dithmenos_shadow_blocks
D:8:      minmay_goldmine, layout_loops_ring
D:9:      layout_cave_pods, dpeg_lair_monsters, orc_0_dummy, uniq_erolcha,
          uniq_maggie

Notes
Turn   | Place    | Note
-------+----------+-------------------------------------------
     0 | D:1      | sanka the Gargoyle Earth Elementalist began the quest for
                  | the Orb.
     0 | D:1      | Reached XP level 1. HP: 10/10 MP: 3/3
   131 | D:1      | Reached skill level 1 in Transmutations
   215 | D:1      | Reached skill level 4 in Earth Magic
   215 | D:1      | Reached XP level 2. HP: 15/15 MP: 3/5
   249 | D:1      | Learned a level 2 spell: Passwall
   933 | D:2      | Reached XP level 3. HP: 19/19 MP: 3/6
   965 | D:2      | Learned a level 3 spell: Stone Arrow
  1101 | D:2      | Reached skill level 1 in Conjurations
  1109 | D:2      | Reached skill level 2 in Transmutations
  1109 | D:2      | Reached XP level 4. HP: 24/24 MP: 3/7
  1302 | D:2      | Reached skill level 5 in Earth Magic
  1428 | D:2      | Reached skill level 2 in Conjurations
  1596 | D:2      | Reached XP level 5. HP: 28/28 MP: 6/8
  2056 | D:3      | Noticed Grinder
  2061 | D:3      | Killed Grinder
  2062 | D:3      | Reached skill level 4 in Conjurations
  2062 | D:3      | Reached skill level 6 in Earth Magic
  2062 | D:3      | Reached XP level 6. HP: 31/32 MP: 3/9
  2124 | D:3      | Found a burning altar of Makhleb.
  2127 | D:3      | Noticed Sigmund
  2140 | D:3      | Killed Sigmund
  2141 | D:3      | Reached skill level 7 in Earth Magic
  2141 | D:3      | Reached XP level 7. HP: 26/36 MP: 3/10
  2275 | D:3      | Found a transporter.
  2284 | D:3      | Noticed a toenail golem
  2302 | D:3      | Found a one-way gate to the infinite horrors of the Abyss.
  2302 | D:3      | Noticed ma3's ghost (amateur OpTm)
  2319 | D:3      | Identified the +0 cloak "Patros" {Harm Int+2 Dex+5}
  2326 | D:3      | Found a radiant altar of Vehumet.
  2349 | D:3      | Found a transporter.
  2450 | D:3      | Identified the +7 dagger of Vanity {antimagic, rF+ rC+
                  | Int+5 Dex-3}
  2517 | D:3      | Found a faded altar of an unknown god.
  2556 | D:3      | Became a worshipper of Vehumet
  2607 | D:3      | Reached skill level 5 in Conjurations
  3019 | D:3      | Noticed Natasha
  3021 | D:3      | Killed Natasha
  3052 | D:3      | Found a transporter.
  3097 | D:3      | Found a transporter.
  3104 | D:3      | Noticed Natasha
  3108 | D:3      | Killed Natasha
  3131 | D:3      | Found a radiant altar of Vehumet.
  3167 | D:3      | Noticed Natasha
  3171 | D:3      | Killed Natasha
  3362 | D:3      | Found a burning altar of Makhleb.
  3598 | D:3      | Found a faded altar of an unknown god.
  3687 | D:3      | Found a one-way gate to the infinite horrors of the Abyss.
  3897 | D:4      | Found a staircase to the Ecumenical Temple.
  3956 | D:4      | Reached skill level 8 in Earth Magic
  4043 | D:4      | Reached skill level 6 in Conjurations
  4047 | D:4      | Reached XP level 8. HP: 38/41 MP: 4/11
  4402 | D:4      | Reached skill level 7 in Conjurations
  4439 | D:4      | Reached skill level 1 in Fighting
  4439 | D:4      | Reached skill level 2 in Dodging
  4739 | D:4      | Reached skill level 2 in Fighting
  4845 | D:4      | Reached * piety under Vehumet
  4845 | D:4      | Offered knowledge of Kiss of Death by Vehumet.
  4893 | D:5      | Entered Level 5 of the Dungeon
  4997 | D:5      | Reached skill level 3 in Fighting
  4997 | D:5      | Reached skill level 3 in Dodging
  5628 | D:5      | Found a hazy altar of Hepliaklqana.
  5728 | D:6      | Identified the +2 robe of Foolhardiness {rF+ rC- Stlth+}
  5775 | D:6      | Reached skill level 4 in Fighting
  5872 | D:6      | Reached skill level 4 in Dodging
  5872 | D:6      | Reached XP level 9. HP: 52/52 MP: 5/12
  5996 | D:6      | Reached skill level 5 in Fighting
  6557 | D:6      | Reached skill level 6 in Fighting
  6893 | D:7      | Reached skill level 5 in Dodging
  6963 | D:7      | Found a shadowy altar of Dithmenos.
  7226 | D:7      | Noticed a hornet
  7232 | D:7      | Killed a hornet
  7233 | D:7      | Reached skill level 7 in Fighting
  7409 | D:7      | Reached ** piety under Vehumet
  7413 | D:7      | Offered knowledge of Scorch by Vehumet.
  7939 | D:8      | Reached skill level 6 in Dodging
  8094 | D:8      | Reached XP level 10. HP: 64/64 MP: 10/13
  8096 | D:8      | Reached skill level 8 in Fighting
  8552 | D:8      | Reached skill level 7 in Dodging
  8696 | D:8      | Reached skill level 9 in Fighting
  9155 | D:8      | Offered knowledge of Dazzling Flash by Vehumet.
  9922 | D:9      | Noticed a death yak
  9922 | D:9      | Noticed a cyclops
  9937 | D:8      | Slain by a death yak

Vanquished Creatures
  A troll (D:8)
  Grinder (D:3)
  A hornet (D:7)
  Sigmund (D:3)
  2 wyverns
  3 yaks (D:8)
  A steam dragon (D:6)
  An acid dragon (D:8)
  2 ice beasts
  4 orc warriors
  2 black bears
  4 ogres
  2 centaurs
  3 phantoms (D:4)
  A kobold brigand (D:6)
  3 bullfrogs
  A gnoll sergeant (D:8)
  A necrophage (D:6)
  9 wights
  4 killer bees (D:9)
  A gnoll bouda (D:8)
  A hound (D:4)
  4 jellies
  2 orc priests
  Natasha (thrice) (D:3)
  5 iguanas
  5 orc wizards
  12 gnolls
  11 adders
  2 white imps
  3 ufetubi
  A worm (D:2)
  3 dart slugs
  28 orcs
  6 endoplasms
  2 giant cockroaches
  7 hobgoblins
  5 jackals (D:4)
  8 kobolds
  6 quokkas
  5 ball pythons
  4 bats
  3 frilled lizards
  5 goblins
  4 rats
183 creatures vanquished.
